AoeStats
← cory2045

African Clearing

510454078Analyzed
2v2 RM · 1d ago on Oct 1, 2026· 28m 5s· 4 players
Game mode
Random Map
Map size
Medium (4 player)
Population
200
Speed
Normal
Resources
Standard
Victory
Conquest
Starting age
Dark Age
Ending age
Imperial Age
RankedLock teamsTeams togetherTeam positionsShared explorationLock speedFull tech treeHidden civsTurbo modeCheats
Victory
Defeat
🇵🇪 Mongols · Peru
1347
+16
🇺🇸 Berbers · United States
1342
+17
🇲🇽 Vietnamese · Mexico
1388
-18
🇺🇸 Varangians · United States
1323
-15
HUNGRY-4-FOOD
8:32 Loom
13:31 Feudal Age
14:56 Double-Bit Axe
20:45 Fletching
24:21 Castle Age
23:52 Gold Mining
24:30 Crossbowman
26:12 Bodkin Arrow
[JRH]LOS PUNTOS
8:27 Loom
10:50 Feudal Age
13:51 Scale Barding Armor
21:06 Castle Age
cory2045
6:52 Loom
10:53 Loom
13:39 Feudal Age
21:15 Castle Age
20:59 Bloodlines
gabriel_11205
5:43 Loom
13:32 Feudal Age
14:04 Double-Bit Axe
23:06 Wheelbarrow
26:26 Castle Age
24:53 Gold Mining
26:42 Fletching
Connection lost

Rejoining the realm…

Still unreachable

The connection could not be restored.

Session expired

The server has moved on; the page needs a fresh start.